[Event "Frauenbundesliga 2021-22"]
[Site "Germany"]
[Date "2022.03.20"]
[Round "5.6"]
[White "Giebel, Christine"]
[Black "Lossin, Charlotte"]
[Result "1-0"]
[ECO "C05"]
[WhiteElo "1827"]
[BlackElo "1527"]
[Annotator "NA RC"]
[PlyCount "61"]
[EventDate "2021.11.26"]
[EventType "team-tourn"]
[EventCountry "GER"]
[SourceTitle "playchess.com"]
[Source "ChessBase"]
[SourceQuality "1"]
[TimeControl "40/5400+30:1800+30"]

1. e4 e6 2. d4 d5 3. Nc3 Nf6 4. e5 Nfd7 5. f4 c5 6. Nf3 Nc6 7. Ne2 Qb6 8. c3 cxd4 9. cxd4 Be7 10. Nc3 f6 11. Be2 O-O 12. a3 a6 13. b4 Qa7 14. Na4 b5 15. Nc5 Nb6 16. O-O Nc4 17. Kh1 Kh8 18. Qe1 Qc7 19. Bd3 a5 20. Bxc4 dxc4 21. Bd2 a4 22. Bc3 fxe5 23. fxe5 Rf4 24. Qg3 Rf8 25. Ng5 Bxc5 26. bxc5 Qe7 27. Ne4 Ba6 28. Nd6 Qd7 29. Rf3 Rxf3 30. Qxf3 Rd8 31. Nf7+ 1-0

[Event "Frauenbundesliga 2021-22"]
[Site "Germany"]
[Date "2022.03.19"]
[Round "5.7"]
[White "Klek, Hanna Marie"]
[Black "Antolak, Julia"]
[Result "1/2-1/2"]
[ECO "B12"]
[WhiteElo "2314"]
[BlackElo "2368"]
[Annotator "NA"]
[PlyCount "120"]
[EventDate "2021.11.26"]
[EventType "team-tourn"]
[EventCountry "GER"]
[SourceTitle "playchess.com"]
[Source "ChessBase"]
[SourceQuality "1"]
[TimeControl "40/5400+30:1800+30"]

1. e4 c6 2. d4 d5 3. e5 c5 4. dxc5 e6 5. Nf3 Bxc5 6. Bd3 Ne7 7. O-O Ng6 8. a3 {[%emt 0:01:23] 8.Nbd2 is more fashionable.} Qc7 9. b4 Bb6 10. Bb2 a5 {[%emt 0:02:04] [#]} 11. Nc3 $146 ({Predecessor:} 11. Re1 axb4 12. axb4 Rxa1 13. Bxa1 Nc6 14. Qd2 Bd7 15. h4 O-O 16. h5 Nge7 17. h6 {0-1 (43) Salimova,N (2395)-Napoli,N (2317) Chess.com INT 2021}) 11... O-O 12. Nb5 Qe7 13. Nd6 Bc7 14. c4 dxc4 15. Nxc4 Rd8 16. Qb3 a4 17. Qc2 b5 18. Ncd2 Bb7 19. Bxb5 Nf4 20. Rad1 Nxg2 21. Ne4 Nf4 22. Rxd8+ Bxd8 23. Bc1 Ng6 24. Qe2 Nd7 25. Bg5 f6 26. exf6 gxf6 27. Rd1 Ngf8 28. Bh6 Bd5 29. Ng3 Qf7 30. Bc4 Nb6 31. Bxd5 Nxd5 32. Nd4 Nc3 33. Qf3 Nxd1 34. Qxa8 Be7 35. Qxa4 Nc3 36. Qc6 Nd5 37. Bxf8 Bxf8 38. Qxe6 Qxe6 39. Nxe6 Bh6 40. b5 Nb6 41. Nd4 Bf8 42. Nc2 Kf7 43. Kf1 Ke6 44. Ke2 Kd5 45. Kd3 Nc4 $18 46. Ne3+ Nxe3 47. fxe3 Bxa3 48. Ne4 f5 49. Nf6+ Kc5 50. Nxh7 Kxb5 51. Ng5 Kc6 52. h4 Be7 53. Nf3 Kd5 54. h5 Bf8 55. Nh4 Ke6 56. Ng6 Bh6 57. Kd4 Bg7+ 58. Kc4 Bh6 59. Kd3 Bg5 60. Ke2 Bh6 1/2-1/2

[Event "Frauenbundesliga 2021-22"]
[Site "Germany"]
[Date "2022.03.19"]
[Round "5.8"]
[White "Radikovic, Anamarija"]
[Black "Schleining, Zoya"]
[Result "1/2-1/2"]
[ECO "C47"]
[WhiteElo "2121"]
[BlackElo "2320"]
[Annotator "ChessBase"]
[PlyCount "67"]
[EventDate "2021.11.26"]
[EventType "team-tourn"]
[EventCountry "GER"]
[SourceTitle "playchess.com"]
[Source "ChessBase"]
[SourceQuality "1"]
[TimeControl "40/5400+30:1800+30"]

1. e4 e5 2. Nf3 Nc6 3. Nc3 Nf6 4. d4 exd4 5. Nxd4 Bb4 6. Nxc6 bxc6 7. Bd3 O-O 8. O-O Re8 9. Qf3 Rb8 10. h3 Bd6 11. Rb1 Qe7 12. Bf4 Bxf4 13. Qxf4 d6 14. b3 Nd7 15. Qd2 Nc5 16. f4 Nxd3 17. cxd3 f5 18. Rbe1 Qh4 19. d4 fxe4 20. Nxe4 Ba6 21. Rf3 Re7 22. Rfe3 Rbe8 23. Nf2 Kf8 24. Ng4 h5 25. Rxe7 Rxe7 26. Rxe7 Qxe7 27. Nh2 Qe4 28. Nf3 Bd3 29. Kf2 a5 30. Qe3 Qxe3+ 31. Kxe3 Bf1 32. Kf2 Bd3 33. Ke3 Bf1 34. Ke4 1/2-1/2

[Event "Frauenbundesliga 2021-22"]
[Site "Germany"]
[Date "2022.03.19"]
[Round "5.10"]
[White "Adamowicz, Katarzyna"]
[Black "Koepke, Elena"]
[Result "1-0"]
[ECO "B74"]
[WhiteElo "2084"]
[BlackElo "2304"]
[Annotator "ChessBase"]
[PlyCount "71"]
[EventDate "2021.11.26"]
[EventType "team-tourn"]
[EventCountry "GER"]
[SourceTitle "playchess.com"]
[Source "ChessBase"]
[SourceQuality "1"]
[TimeControl "40/5400+30:1800+30"]

1. e4 c5 2. Nf3 d6 3. d4 cxd4 4. Nxd4 Nf6 5. Nc3 g6 6. Be2 Bg7 7. Be3 O-O 8. O-O Nc6 9. Nb3 Be6 10. f4 Na5 11. Bd4 Rc8 12. f5 Bc4 13. Bd3 Nd7 14. Bxg7 Kxg7 15. Bxc4 Rxc4 16. Qd5 Nxb3 17. axb3 Qb6+ 18. Kh1 Rd4 19. Qa5 Qxa5 20. Rxa5 a6 21. Rd5 Rb4 22. Rd2 Re8 23. Kg1 Ne5 24. f6+ Kh8 25. Nd5 Rxe4 26. Nc7 Rc8 27. fxe7 Nc6 28. e8=Q+ Rexe8 29. Nxe8 Rxe8 30. Rxf7 Ne5 31. Rxb7 Ng4 32. g3 Re1+ 33. Kg2 Re6 34. h3 Ne3+ 35. Kf2 d5 36. c4 1-0

[Event "Frauenbundesliga 2021-22"]
[Site "Germany"]
[Date "2022.03.19"]
[Round "5.11"]
[White "Jelica, Mara"]
[Black "Brandt, Carina"]
[Result "1-0"]
[ECO "B47"]
[WhiteElo "2085"]
[BlackElo "2078"]
[Annotator "NA"]
[PlyCount "65"]
[EventDate "2021.11.26"]
[EventType "team-tourn"]
[EventCountry "GER"]
[SourceTitle "playchess.com"]
[Source "ChessBase"]
[SourceQuality "1"]
[TimeControl "40/5400+30:1800+30"]

1. e4 c5 2. Nf3 e6 3. d4 cxd4 4. Nxd4 Nc6 5. Nc3 Qc7 6. Be2 a6 7. O-O Nf6 8. Be3 Bb4 9. Nxc6 bxc6 10. a3 Bxc3 11. bxc3 O-O 12. Bc5 Nxe4 13. Bxf8 Kxf8 14. Bd3 Nf6 15. Qf3 e5 16. c4 Qa5 17. Qe3 d6 18. c5 Nd5 19. Qf3 Qxc5 20. Bxh7 Nf6 21. Bf5 d5 22. Bxc8 Rxc8 23. Qe2 a5 24. Qxe5 Ne4 25. Qh5 Kg8 26. Qe2 Rb8 27. Rab1 Re8 28. Rb3 Nd6 29. Qd1 Nc4 30. Re1 Rd8 31. Qh5 g6 32. Qh4 Rf8 33. Rh3 1-0

[Event "Frauenbundesliga 2021-22"]
[Site "Germany"]
[Date "2022.03.20"]
[Round "5.12"]
[White "Just, Anita"]
[Black "Dartmann Aubanell, Catriona"]
[Result "0-1"]
[ECO "C14"]
[WhiteElo "1895"]
[BlackElo "1834"]
[Annotator "NA RC"]
[PlyCount "138"]
[EventDate "2021.11.26"]
[EventType "team-tourn"]
[EventCountry "GER"]
[SourceTitle "playchess.com"]
[Source "ChessBase"]
[SourceQuality "1"]
[TimeControl "40/5400+30:1800+30"]

1. e4 e6 2. d4 d5 3. Nc3 Nf6 4. Bg5 Be7 5. e5 Nfd7 6. Bxe7 Qxe7 7. f4 a6 8. Nf3 c5 9. Qd2 Nc6 10. dxc5 Nxc5 11. O-O-O b5 12. Kb1 b4 13. Ne2 Ne4 14. Qe3 a5 15. Nd2 Qc5 16. Qxc5 Nxc5 17. g4 a4 18. Ng3 Ba6 19. Nf3 b3 20. cxb3 axb3 21. a3 Bxf1 22. Rhxf1 Na5 23. Nd4 Nc4 24. Rf3 Rb8 25. Nge2 O-O 26. Nc1 Na4 27. Rxb3 Naxb2 28. Rg1 Rxb3 29. Ncxb3 Nd3 30. Rf1 Nxa3+ 31. Ka2 Ra8 32. Rf3 Nc4+ 33. Kb1 Nb4 34. Rf2 h6 35. h4 Kf8 36. f5 Ke7 37. f6+ gxf6 38. Rxf6 Nxe5 39. Rxh6 Nxg4 40. Rh5 Rg8 41. Kc1 Nd3+ 42. Kd2 Nf4 43. Rg5 Rxg5 44. hxg5 Ne5 45. Ke3 Nh3 46. Nc5 Nxg5 47. Kf4 Nh3+ 48. Kg3 Ng5 49. Kf4 Kf6 50. Ne2 Ng6+ 51. Ke3 e5 52. Ng3 Ne4 53. Ncxe4+ dxe4 54. Kxe4 Ke6 55. Nf5 f6 56. Ng7+ Kf7 57. Nf5 Ne7 58. Ng3 Ke6 59. Ne2 f5+ 60. Ke3 Nd5+ 61. Kf3 e4+ 62. Kf2 Ke5 63. Ke1 f4 64. Kf2 f3 65. Ng3 Kf4 66. Nh5+ Kg4 67. Ng7 e3+ 68. Kf1 Nc7 69. Ke1 Kg5 0-1

[Event "Frauenbundesliga 2021-22"]
[Site "Germany"]
[Date "2022.03.20"]
[Round "6.1"]
[White "Reizniece-Ozola, Dana"]
[Black "Cosma, Elena-Luminita"]
[Result "0-1"]
[ECO "A13"]
[WhiteElo "2283"]
[BlackElo "2281"]
[Annotator "ChessBase"]
[PlyCount "97"]
[EventDate "2021.11.26"]
[EventType "team-tourn"]
[EventCountry "GER"]
[SourceTitle "playchess.com"]
[Source "ChessBase"]
[SourceQuality "1"]
[TimeControl "40/5400+30:1800+30"]

1. c4 e6 2. Nf3 d5 3. e3 Nf6 4. b3 c5 5. Bb2 Nc6 6. a3 Be7 7. cxd5 exd5 8. d4 O-O 9. dxc5 Bxc5 10. Qc2 Bd6 11. Nc3 Bg4 12. Ng5 d4 13. Nb5 Qa5+ 14. Qd2 Qxd2+ 15. Kxd2 dxe3+ 16. fxe3 Be5 17. Bxe5 Nxe5 18. Be2 Rad8+ 19. Nd4 Nc6 20. Ngf3 Bxf3 21. Bxf3 Nxd4 22. exd4 Rxd4+ 23. Kc3 Rd7 24. Rad1 Rc8+ 25. Kb4 Rcc7 26. Rxd7 Nxd7 27. Rd1 Kf8 28. a4 Ne5 29. Rd8+ Ke7 30. Ra8 Nd3+ 31. Ka3 b6 32. Be4 Ne5 33. Kb4 g6 34. Kb5 f5 35. Bf3 Nxf3 36. gxf3 f4 37. Ka6 g5 38. h3 Kf6 39. b4 h5 40. Rf8+ Kg7 41. Rf5 Kg6 42. Rf8 Rc4 43. Kb5 Rc3 44. Rg8+ Kf6 45. Ra8 Rxf3 46. Rxa7 g4 47. hxg4 hxg4 48. Rb7 g3 49. Rxb6+ 0-1

[Event "Frauenbundesliga 2021-22"]
[Site "Germany"]
[Date "2022.03.20"]
[Round "6.2"]
[White "Voicu-Jagodzinsky, Carmen"]
[Black "Rogule, Laura"]
[Result "1/2-1/2"]
[ECO "B53"]
[WhiteElo "2290"]
[BlackElo "2317"]
[Annotator "ChessBase"]
[PlyCount "119"]
[EventDate "2021.11.26"]
[EventType "team-tourn"]
[EventCountry "GER"]
[SourceTitle "playchess.com"]
[Source "ChessBase"]
[SourceQuality "1"]
[TimeControl "40/5400+30:1800+30"]

1. e4 c5 2. Nf3 d6 3. d4 cxd4 4. Qxd4 Nc6 5. Qe3 Nf6 6. Be2 g6 7. O-O Bg7 8. h3 O-O 9. Rd1 Qc7 10. Nc3 a6 11. Qf4 b5 12. a3 Ne5 13. Qh4 Nxf3+ 14. Bxf3 Rb8 15. Bh6 b4 16. Bxg7 Kxg7 17. Nd5 Nxd5 18. exd5 bxa3 19. bxa3 Bf5 20. Re1 Rb7 21. Qd4+ Kg8 22. g4 Bc8 23. Re2 Qa5 24. Kg2 Re8 25. h4 Rc7 26. Rae1 Qxa3 27. Re3 Qa2 28. Rc3 Qb2 29. Ree3 Bd7 30. Red3 Rb7 31. Kg3 Rc8 32. Rxc8+ Bxc8 33. Qc4 Bd7 34. Qxa6 Qe5+ 35. Kg2 Rb4 36. Re3 Qf4 37. Qa8+ Kg7 38. Qa1+ Qf6 39. Qxf6+ exf6 40. Kg3 Rc4 41. Ra3 Kf8 42. c3 h6 43. Be2 Rc5 44. c4 f5 45. g5 h5 46. Ra7 Ke8 47. Ra6 Ke7 48. Ra7 Rc8 49. Rb7 Ra8 50. Rb3 Ra2 51. Re3+ Kd8 52. f4 Rc2 53. Kf3 Rc1 54. Ra3 Rh1 55. Kg3 Rg1+ 56. Kf2 Rh1 57. Kg3 Rc1 58. Kf2 Rb1 59. Ra8+ Ke7 60. Ra7 1/2-1/2

[Event "Frauenbundesliga 2021-22"]
[Site "Germany"]
[Date "2022.03.20"]
[Round "6.3"]
[White "Berzina, Ilze"]
[Black "Ciolacu, Alessia-Mihaela"]
[Result "1-0"]
[ECO "C95"]
[WhiteElo "2192"]
[BlackElo "2239"]
[Annotator "ChessBase"]
[PlyCount "93"]
[EventDate "2021.11.26"]
[EventType "team-tourn"]
[EventCountry "GER"]
[SourceTitle "playchess.com"]
[Source "ChessBase"]
[SourceQuality "1"]
[TimeControl "40/5400+30:1800+30"]

1. e4 e5 2. Nf3 Nc6 3. Bb5 a6 4. Ba4 Nf6 5. O-O Be7 6. Re1 b5 7. Bb3 d6 8. c3 O-O 9. h3 Nb8 10. d4 Nbd7 11. Nbd2 Bb7 12. Bc2 Re8 13. Nf1 Bf8 14. Ng3 g6 15. a4 Nb6 16. a5 Nbd7 17. b3 d5 18. Nxe5 Nxe5 19. dxe5 Rxe5 20. Bf4 Re8 21. e5 Nd7 22. Qg4 Bg7 23. Bg5 f6 24. exf6 Nxf6 25. Qf4 Rf8 26. Re6 Qd7 27. Rxf6 Rxf6 28. Bxf6 Rf8 29. Qd2 Bxf6 30. Ne4 Bg7 31. Nc5 Qc6 32. b4 Kh8 33. Re1 Bc8 34. Bb3 Qd6 35. Re3 c6 36. Qe2 d4 37. cxd4 Bxd4 38. Rf3 Rd8 39. Rf7 Be5 40. Qf3 Qd2 41. g4 Qd6 42. Ne4 Qd3 43. Nf6 Qb1+ 44. Kg2 g5 45. Rxh7+ Qxh7 46. Nxh7 Kxh7 47. Qe4+ 1-0

[Event "Frauenbundesliga 2021-22"]
[Site "Germany"]
[Date "2022.03.20"]
[Round "6.4"]
[White "Ionica, Iulia-Ionela"]
[Black "Otikova, Elina"]
[Result "1-0"]
[ECO "C28"]
[WhiteElo "2194"]
[BlackElo "2105"]
[Annotator "ChessBase"]
[PlyCount "97"]
[EventDate "2021.11.26"]
[EventType "team-tourn"]
[EventCountry "GER"]
[SourceTitle "playchess.com"]
[Source "ChessBase"]
[SourceQuality "1"]
[TimeControl "40/5400+30:1800+30"]

1. e4 e5 2. Bc4 Nf6 3. d3 Nc6 4. Nc3 Na5 5. Bb3 Nxb3 6. axb3 Be7 7. f4 d6 8. Nf3 exf4 9. Bxf4 d5 10. Nb5 O-O 11. Nxc7 Nh5 12. Nxd5 f5 13. Nxe7+ Qxe7 14. Bg5 Qc5 15. e5 h6 16. Bd2 f4 17. d4 Qc6 18. O-O Bg4 19. Bb4 Rfc8 20. c3 Rd8 21. Qe2 g5 22. Qc4+ Qxc4 23. bxc4 Ng7 24. Rfe1 Nf5 25. b3 Ne3 26. Ra2 Re8 27. Nd2 Bf5 28. Nf1 Ng4 29. h3 Nf6 30. Rea1 Ne4 31. Rxa7 Rab8 32. R1a2 h5 33. Nd2 b6 34. Nxe4 Bxe4 35. Bd6 Ra8 36. Rxa8 Rxa8 37. Rxa8+ Bxa8 38. Bc7 Be4 39. Bxb6 Kf7 40. Kf2 Bc2 41. b4 Ke6 42. Bd8 g4 43. hxg4 hxg4 44. b5 Be4 45. d5+ Kd7 46. Bg5 Bd3 47. e6+ Kc7 48. Bxf4+ Kc8 49. d6 1-0

[Event "Frauenbundesliga 2021-22"]
[Site "Germany"]
[Date "2022.03.20"]
[Round "6.5"]
[White "Naumann, Nadine"]
[Black "Moeller, Lisa-Marie"]
[Result "0-1"]
[ECO "B41"]
[WhiteElo "1960"]
[BlackElo "1903"]
[Annotator "ChessBase"]
[PlyCount "98"]
[EventDate "2021.11.26"]
[EventType "team-tourn"]
[EventCountry "GER"]
[SourceTitle "playchess.com"]
[Source "ChessBase"]
[SourceQuality "1"]
[TimeControl "40/5400+30:1800+30"]

1. e4 c5 2. Nf3 e6 3. d4 cxd4 4. Nxd4 a6 5. c4 Nf6 6. Nc3 Bb4 7. Qd3 Nc6 8. Nxc6 dxc6 9. Qxd8+ Kxd8 10. e5 Ne4 11. Bd2 Bxc3 12. Bxc3 Nxc3 13. bxc3 c5 14. g3 Kc7 15. O-O-O Bd7 16. Bg2 Ba4 17. Rd2 Rhd8 18. Rxd8 Rxd8 19. Be4 Bc6 20. Bxc6 Kxc6 21. Kc2 Rd7 22. Rb1 b5 23. cxb5+ axb5 24. f4 Ra7 25. Kb3 c4+ 26. Kb2 Rd7 27. Kc2 Kc5 28. Re1 Rd3 29. a3 h5 30. Re2 h4 31. Rg2 hxg3 32. hxg3 Kd5 33. g4 Ke4 34. f5 Kxe5 35. fxe6 fxe6 36. Re2+ Kd5 37. Rh2 Rg3 38. Rh5+ e5 39. Rg5 Rg2+ 40. Kb1 Ke4 41. Rxg7 Kd3 42. Rb7 e4 43. Rxb5 e3 44. Rd5+ Kxc3 45. Rd1 e2 46. Rc1+ Kd2 47. Rc2+ Kd3 48. Kb2 e1=Q 49. Rxg2 c3+ 0-1

[Event "Frauenbundesliga 2021-22"]
[Site "Germany"]
[Date "2022.03.20"]
[Round "6.6"]
[White "Dartmann Aubanell, Catriona"]
[Black "Schuster, Rebekka"]
[Result "1-0"]
[ECO "C01"]
[WhiteElo "1834"]
[BlackElo "1840"]
[Annotator "NA RC"]
[PlyCount "81"]
[EventDate "2021.11.26"]
[EventType "team-tourn"]
[EventCountry "GER"]
[SourceTitle "playchess.com"]
[Source "ChessBase"]
[SourceQuality "1"]
[TimeControl "40/5400+30:1800+30"]

1. e4 e6 2. d4 d5 3. Bd3 Nf6 4. e5 Nfd7 5. f4 c5 6. c3 Nc6 7. Nf3 Be7 8. a3 f6 9. O-O (9. b4 $5) 9... O-O 10. Qc2 f5 $11 11. Qf2 c4 12. Bc2 b5 13. Kh1 Kh8 14. Ng5 Nb6 15. Qh4 h6 16. Qh3 Kg8 17. Nf3 Kh7 18. g4 g6 19. Rg1 Rg8 20. Nbd2 Bd7 21. Nf1 Na4 22. Ng3 Be8 23. Ng5+ Bxg5 24. fxg5 h5 25. gxh5 gxh5 26. Nxh5 Bxh5 27. Qxh5+ Kg7 28. Qh6+ Kf7 29. g6+ Ke8 30. g7 Qe7 31. Bxf5 Kd7 32. Bh7 Qf7 33. Bf4 Rgc8 34. g8=Q Rxg8 35. Rxg8 Rxg8 36. Bxg8 Qxg8 37. Rg1 Qe8 38. Rg7+ Kc8 39. Qh7 Nd8 40. Rxa7 Qc6 41. Bg5 1-0

[Event "Frauenbundesliga 2021-22"]
[Site "Germany"]
[Date "2022.03.20"]
[Round "6.9"]
[White "Hincu, Olga"]
[Black "Duessler, Stefanie"]
[Result "1-0"]
[ECO "E14"]
[WhiteElo "2070"]
[BlackElo "2119"]
[Annotator "ChessBase"]
[PlyCount "143"]
[EventDate "2021.11.26"]
[EventType "team-tourn"]
[EventCountry "GER"]
[SourceTitle "playchess.com"]
[Source "ChessBase"]
[SourceQuality "1"]
[TimeControl "40/5400+30:1800+30"]

1. d4 Nf6 2. Nf3 b6 3. c4 Bb7 4. Nc3 d5 5. e3 e6 6. Bd3 Be7 7. O-O O-O 8. Ne5 Nbd7 9. Qc2 c5 10. b3 Rc8 11. Bb2 h6 12. h3 dxc4 13. bxc4 cxd4 14. exd4 Nxe5 15. dxe5 Nd7 16. Rad1 a6 17. Ne4 Qc7 18. Nd6 Bxd6 19. exd6 Qc6 20. f3 Nc5 21. Qc3 f6 22. Bc2 Rcd8 23. Qd4 Rf7 24. Qg4 Bc8 25. Qg6 f5 26. Be5 Qe8 27. f4 Rb7 28. Qg3 Qf7 29. Rf3 Kh7 30. Qh4 Rg8 31. g4 Bd7 32. Rg3 g6 33. Kh2 Bc6 34. Rdg1 Be4 35. g5 Qf8 36. Bd1 Nd3 37. gxh6 Nxe5 38. fxe5 Qxh6 39. Qxh6+ Kxh6 40. h4 Bc6 41. Rg5 Be8 42. Bf3 Rh7 43. Rh5+ Kg7 44. Rxh7+ Kxh7 45. Rb1 g5 46. hxg5 Rxg5 47. Rxb6 f4 48. Rxa6 Rxe5 49. Ra7+ Kg6 50. d7 Bxd7 51. Rxd7 Re3 52. Kg2 e5 53. Re7 Kf6 54. Re8 Ra3 55. c5 Rxa2+ 56. Kh3 Kf5 57. c6 Rc2 58. Rf8+ Ke6 59. Kg4 Rc3 60. Rd8 Kf6 61. Rd6+ Ke7 62. Rd7+ Kf6 63. Rd6+ Ke7 64. Rh6 Re3 65. Rh7+ Kd6 66. Rd7+ Ke6 67. Bd5+ Kf6 68. Rd6+ Ke7 69. Re6+ Kd8 70. Rh6 Ke7 71. c7 Rc3 72. Rc6 1-0

[Event "Frauenbundesliga 2021-22"]
[Site "Germany"]
[Date "2022.03.20"]
[Round "6.10"]
[White "Manusina, Nicole"]
[Black "Schulz, Petra"]
[Result "1/2-1/2"]
[ECO "E81"]
[WhiteElo "2017"]
[BlackElo "1991"]
[Annotator "ChessBase"]
[PlyCount "58"]
[EventDate "2021.11.26"]
[EventType "team-tourn"]
[EventCountry "GER"]
[SourceTitle "playchess.com"]
[Source "ChessBase"]
[SourceQuality "1"]
[TimeControl "40/5400+30:1800+30"]

1. d4 Nf6 2. c4 g6 3. Nc3 Bg7 4. e4 d6 5. f3 O-O 6. Be3 c5 7. Nge2 Qa5 8. Qd2 Nc6 9. d5 Ne5 10. Nc1 a6 11. Rb1 Rb8 12. a3 Qc7 13. Be2 Bd7 14. O-O b5 15. cxb5 Bxb5 16. b3 Bxe2 17. N1xe2 a5 18. Rfc1 Rb7 19. a4 Rfb8 20. Nb5 Qd8 21. h3 Ne8 22. Bf2 Nc7 23. Nec3 Na6 24. f4 Nd7 25. Qe2 Nb4 26. Nd1 Nf6 27. Ndc3 Nd7 28. Nd1 Nf6 29. Ndc3 Nd7 1/2-1/2

[Event "Frauenbundesliga 2021-22"]
[Site "Germany"]
[Date "2022.03.20"]
[Round "6.11"]
[White "Germann, Heike"]
[Black "Grabowski, Petra"]
[Result "1/2-1/2"]
[ECO "D46"]
[WhiteElo "1992"]
[BlackElo "1622"]
[Annotator "ChessBase"]
[PlyCount "87"]
[EventDate "2021.11.26"]
[EventType "team-tourn"]
[EventCountry "GER"]
[SourceTitle "playchess.com"]
[Source "ChessBase"]
[SourceQuality "1"]
[TimeControl "40/5400+30:1800+30"]

1. d4 e6 2. c4 d5 3. Nc3 c6 4. e3 Nf6 5. Nf3 Bd6 6. Be2 dxc4 7. Bxc4 Nbd7 8. O-O O-O 9. Bd2 Qc7 10. e4 e5 11. d5 cxd5 12. Bxd5 Nxd5 13. Nxd5 Qd8 14. Bc3 f6 15. Qe2 Nb6 16. Ne3 Be6 17. Rfd1 Qe7 18. b3 Rfd8 19. Rd3 Bc5 20. Rad1 Rxd3 21. Rxd3 Rd8 22. h3 Rxd3 23. Qxd3 Bxe3 24. Qxe3 Qd6 25. Ne1 Nc8 26. Nd3 Qb6 27. Qxb6 Nxb6 28. Ba5 Nd7 29. Kf1 b6 30. Bb4 Nb8 31. Ke2 Nc6 32. Bc3 Kf7 33. Nb2 Ke7 34. Kd3 Bc8 35. Ke3 Ba6 36. g3 Bf1 37. h4 Ba6 38. Nd3 Bb7 39. Bb2 Kd7 40. Bc3 Ke7 41. Ne1 Nd8 42. Nc2 Ne6 43. Bb4+ Kd7 44. f3 1/2-1/2

[Event "Frauenbundesliga 2021-22"]
[Site "Germany"]
[Date "2022.03.20"]
[Round "6.12"]
[White "Lossin, Charlotte"]
[Black "Just, Anita"]
[Result "0-1"]
[ECO "A80"]
[WhiteElo "1527"]
[BlackElo "1895"]
[Annotator "NA"]
[PlyCount "114"]
[EventDate "2021.11.26"]
[EventType "team-tourn"]
[EventCountry "GER"]
[SourceTitle "playchess.com"]
[Source "ChessBase"]
[SourceQuality "1"]
[TimeControl "40/5400+30:1800+30"]

1. d4 e6 2. Nf3 f5 3. e3 Nf6 4. Bd3 b6 5. O-O Bb7 6. Nbd2 Be7 7. Re1 Ne4 8. Ne5 O-O 9. Bxe4 fxe4 10. Qg4 {[%emt 0:00:56] [#]} Qe8 $1 11. Nxe4 h5 12. Qg6 Qxg6 13. Nxg6 Bxe4 14. Nxf8 Kxf8 15. Bd2 Nc6 16. c3 a5 17. f3 Bd3 18. e4 d6 19. b3 Ba6 20. Be3 Bf6 21. Rad1 g6 22. f4 Bg7 23. e5 d5 ({Stronger than} 23... dxe5 24. fxe5 a4 25. Bg5 $17) 24. Kf2 Kf7 25. Bc1 Bf8 26. Ke3 a4 27. h3 axb3 28. axb3 Na5 29. b4 Nc4+ 30. Kf2 Bb5 31. Be3 $2 (31. Re2) 31... Ra2+ $19 32. Kf3 Ba4 33. Ra1 Rxa1 34. Rxa1 b5 35. Ra2 Be7 36. g4 Bd1+ 37. Kf2 Bh4+ 38. Kg1 Nxe3 39. Ra7 Bd8 40. Kf2 Nc4 41. gxh5 gxh5 42. Ra8 Bh4+ 43. Kg1 Ke7 44. Rb8 Be1 45. Rxb5 Bxc3 46. Rb7 Bxd4+ 47. Kh2 Bb6 48. Rb8 Ne3 49. Rg8 Nf5 50. Rc8 d4 51. Kg2 d3 52. Rh8 d2 53. Rh7+ Kd8 54. Rh8+ Kd7 55. Rh7+ Kc6 56. b5+ Kxb5 57. Rd7 Bd4 0-1

[Event "Frauenbundesliga 2021-22"]
[Site "Germany"]
[Date "2022.09.04"]
[Round "7.1"]
[White "Cyfka, Karina"]
[Black "Paehtz, Elisabeth"]
[Result "1/2-1/2"]
[ECO "E15"]
[WhiteElo "2401"]
[BlackElo "2507"]
[Annotator "TA"]
[PlyCount "39"]
[EventDate "2021.11.26"]
[EventType "team-tourn"]
[EventCountry "GER"]
[SourceTitle "playchess.com"]
[Source "ChessBase"]
[SourceQuality "1"]
[WhiteTeam "LEI"]
[BlackTeam "BAD"]
[WhiteTeamCountry "POL"]
[BlackTeamCountry "GER"]
[TimeControl "40/5400+30:1800+30"]

1. d4 Nf6 2. c4 e6 3. Nf3 b6 4. g3 Ba6 5. Qa4 Bb7 6. Bg2 c5 7. O-O cxd4 8. Nxd4 Bxg2 9. Kxg2 Bc5 {[%emt 0:00:00] E15: Queen's Indian: 4 g3 sidelines, 4 g3 Ba6 and 4 g3 Bb7 early deviations.} 10. Rd1 O-O 11. Nc3 h6 12. Qc2 Qc7 13. f3 {[%emt 0:07:30] [#] An interesting draw.  Weighted Error Value: White=0.02 (flawless) /Black=0.01 (flawless)} {Predecessor:} Nc6 $146 14. Nxc6 dxc6 15. Na4 Be7 16. b3 e5 17. Rb1 Qc8 18. Bb2 Qe6 19. Qc3 b5 20. cxb5 {½-½ (54) Polyakov,D (2227)-Morley,P (2384) ICCF email 2014} 1/2-1/2